Description

TvT reaper expand into safe eco, low APM build

VOD

https://www.youtube.com/watch?v=dY4A60Z8zFk

Replay - 2020-12-27 - (T)uwuThermal VS (T)soul

Build Order

Get SALT Encoding   

  12  0:00  SCV  
  13  0:12  SCV  
  14  0:17  Supply Depot  
  14  0:24  SCV  
  15  0:38  SCV  
  15  0:39  Barracks  
  16  0:43  Refinery  
  16  0:50  SCV  
  17  1:02  SCV  
  18  1:14  SCV  
  19  1:26  Reaper, Orbital Command  
  20  1:40  Command Center  
  20  1:50  Supply Depot  
  20  1:52  SCV  
  21  1:58  Marine  
  22  2:04  SCV  
  23  2:10  Factory  
  23  2:15  Refinery  
  23  2:17  SCV  
  23  2:21  Barracks Reactor  
  24  2:29  SCV  
  24  2:41  SCV  
  25  2:53  Hellion, SCV, Orbital Command  
  25  2:54  Starport  
  25  2:58  Marine x2  
  28  3:05  SCV  
  30  3:15  Factory Tech Lab  
  30  3:16  Marine x2  
  30  3:17  SCV x2  
  34  3:29  SCV x2  
  34  3:33  Siege Tank  
  39  3:35  Viking  
  39  3:39  Supply Depot  
  41  3:42  SCV x2  
  41  3:46  Marine x2  
  45  3:54  SCV  
  46  4:00  SCV  
  47  4:06  Command Center, SCV  
  48  4:12  Factory Tech Lab  
  48  4:13  SCV  
  48  4:14  Supply Depot  
  48  4:15  Raven  
  51  4:20  Refinery x2, SCV x2  
  52  4:27  Marine  
  54  4:31  Supply Depot  
  54  4:36  SCV x2, Siege Tank, Marine  
  59  4:40  Supply Depot  
  59  4:44  Marine  
  61  4:48  SCV x2  
  62  4:55  Supply Depot  
  62  4:56  Marine  
  62  4:58  Raven  
  66  5:00  SCV x2  
  66  5:05  Supply Depot  
  68  5:10  Siege Tank  
  68  5:11  Marine x2  
  68  5:12  SCV  
  73  5:17  Supply Depot  
  73  5:19  Orbital Command  
  74  5:21  SCV x2  
  76  5:32  Marine x2  
  76  5:33  Engineering Bay, SCV x2  
  79  5:41  Orbital Command  
  79  5:42  Siege Tank  
  83  5:46  SCV  
  84  5:56  Refinery x2  
  82  5:57  Factory, SCV  
  82  5:59  Barracks Reactor  
  82  6:00  Viking x2  
  82  6:04  Factory, SCV x2  
  87  6:09  SCV  
  89  6:14  Siege Tank  
  89  6:16  SCV x2  
  93  6:21  SCV  
  93  6:25  Missile Turret x2  
  95  6:28  SCV x2  
  95  6:30  Viking x2  
  101  6:33  SCV  
  101  6:35  Supply Depot  
  102  6:40  SCV x2  
  102  6:43  Siege Tank x2  
  102  6:46  Supply Depot, SCV  
  111  6:55  Hellion x2, Armory x2  
  111  6:56  Supply Depot  
  111  6:58  SCV x3  
  117  7:06  Viking x2  
  119  7:10  SCV x2  
  123  7:18  Supply Depot, Siege Tank x2  
  123  7:21  SCV  
  130  7:23  Supply Depot  
  130  7:24  Hellion  
  132  7:31  Supply Depot, Sensor Tower, SCV x2  
  132  7:35  Hellion  
  136  7:37  Supply Depot  
  136  7:41  Viking x2  
  140  7:45  Terran Vehicle Weapons Level 1  
  140  7:46  Terran Vehicle And Ship Armor Level 1  
  140  7:55  Hellion x2  
  140  7:57  Siege Tank x2  
  150  8:01  Supply Depot  
  150  8:09  Command Center  
  150  8:13  Viking x2  
  150  8:15  Missile Turret x2  
  150  8:19  Hellion x2  
  156  8:23  Supply Depot  
  158  8:29  Siege Tank x2  
  161  8:37  Factory x2  
  161  8:45  Hellion x2, Missile Turret x3  
  165  8:54  Viking x2  
  166  8:59  Supply Depot  
  164  9:07  Thor x2  
  176  9:11  Hellion x2  
  176  9:16  Supply Depot  
  180  9:20  Infernal Pre-Igniter  
  180  9:21  Smart Servos  
  174  9:26  Factory Reactor, Factory Tech Lab  
  164  9:32  Hellion  
  164  9:35  Viking x2  
  164  9:37  Command Center  
  170  9:44  Missile Turret x2  
  170  9:47  Hellion  
  170  9:48  SCV  
  170  9:49  Missile Turret x2  
  170  9:50  Planetary Fortress  
  173  9:56  SCV  
  173  9:59  Terran Vehicle Weapons Level 2  
Spawning Tool Build Advisor. Get it on Overwolf

Go to:

Details

  • Created by: thclown
  • Published on: Apr 23, 2022
  • Modified on: Apr 23, 2022
  • Patch: 4.11.0
  • Difficulty: Easy
Show
View Real Time Build Order
Export as new Build Order

Comments (0)

There are no comments. Be the first!

Create an account to comment!